 Dungeon Crawl Stone Soup version 0.28-a0-194-g42b4daccc1 (webtiles) character file.

Game seed: 11372038622409750867

86 Smaepdii the Digger (level 4, -2/24 HPs)
             Began as a Gargoyle Earth Elementalist on Aug 18, 2021.
             Killed from afar by Terence (6 damage)
             ... with a puff of flame
             ... on level 3 of the Dungeon.
             The game lasted 00:13:37 (3455 turns).

Smaepdii the Digger (Gargoyle Earth Elementalist)   Turns: 3455, Time: 00:13:38

Health: -2/24      AC:  5    Str: 11    XL:     4   Next: 50%
Magic:  0/7        EV: 11    Int: 17    God:
Gold:   65         SH:  0    Dex: 10    Spells: 3/7 levels left

rFire   . . .      SeeInvis .   g - +0 dagger
rCold   . . .      Faith    .   (no shield)
rNeg    + . .      Spirit   .   b - +0 robe
rPois   ∞          Reflect  .   (no helmet)
rElec   +          Harm     .   (no cloak)
rCorr   .          Rampage  .   (no gloves)
Will    .....                   (no boots)
Stlth   ++........              (no amulet)
HPRegen 0.08/turn               (no ring)
MPRegen 0.10/turn               (no ring)

@: no status effects
A: sickness immunity, AC +3, negative energy resistance 1, electricity
resistance, torment resistance 1, petrification resistance
a: no special abilities


You were on level 3 of the Dungeon.
You visited 1 branch of the dungeon, and saw 3 of its levels.

You collected 65 gold pieces.

Inventory:

Hand Weapons
 g - a +0 dagger (weapon)
Missiles
 a - 5 silver boomerangs
 c - 54 stones
Armour
 b - a +0 robe (worn)
Scrolls
 e - a scroll of fear {unknown}
 f - a scroll of enchant weapon {unknown}
 h - a scroll of noise {unknown}
 i - a scroll of magic mapping {unknown}
Potions
 d - a potion of might {unknown}


   Skills:
 - Level 1.5 Dodging
 - Level 2.1 Stealth
 - Level 2.0 Spellcasting
 * Level 2.7 Conjurations
 - Level 0.7 Transmutations
 + Level 1.2 Air Magic
 + Level 4.7 Earth Magic


You had 3 spell levels left.
You knew the following spells:

 Your Spells              Type           Power      Damage    Failure   Level
a - Sandblast             Erth           34%        2d9       2%          1
b - Passwall              Tmut/Erth      8%         N/A       10%         2
c - Shock                 Conj/Air       32%        1d5       9%          1

Your spell library contained the following spells:

 Spells                   Type           Power      Damage    Failure   Level
 Stone Arrow              Conj/Erth      28%        3d8       13%         3
 Swiftness                Air            6%         N/A       34%         3
 Petrify                  Tmut/Erth      10%        N/A       54%         4
 Airstrike                Air            3%         N/A       75%         4


Dungeon Overview and Level Annotations

Branches:
Dungeon (3/15)

Altars:

Shops:
D:2 [

Annotations:
D:2 1 exclusion, Ijyb, Sigmund
D:3 Terence


Innate Abilities, Weirdness & Mutations

You are immune to sickness and miasma.
Your stone body is resilient. (AC +3)
You are immune to poison.
You resist negative energy. (rN+)
You are resistant to electric shocks. (rElec)
You are resistant to unholy torment.
You are immune to petrification.


Message History

Terence is moderately wounded.
The zap hits Terence.
Terence is heavily wounded.
Aiming: Shock (safe; 9% risk of failure)
Press: ? - help, Q - select action, (/) - cycle Shift-Dir - straight line The zap hits Terence.
Terence is heavily wounded.
The zap misses Terence.
Terence hits you with a +0 hand axe.
Aiming: Shock (safe; 9% risk of failure)
Press: ? - help, Q - select action, (/) - cycle Shift-Dir - straight line The zap hits Terence but does no damage.
Terence is heavily wounded.
The zap hits Terence.
Terence is severely wounded.
Terence zaps a wand.
The puff of flame hits you.
Aiming: Shock (safe; 9% risk of failure)
Press: ? - help, Q - select action, (/) - cycle Shift-Dir - straight line The zap hits Terence but does no damage.
Terence is severely wounded.
The zap hits Terence.
Terence is almost dead.
Terence closely misses you.
You hit Terence but do no damage.
Terence is almost dead.
Terence hits you but does no damage.
Aiming: Shock (safe; 9% risk of failure)
Press: ? - help, Q - select action, (/) - cycle Shift-Dir - straight line The zap hits Terence but does no damage.
Terence is severely wounded.
The zap hits Terence.
Terence is almost dead.
Terence hits you with a +0 hand axe!
* * * LOW HITPOINT WARNING * * *
You hit Terence but do no damage.
Terence is almost dead.
Terence hits you with a +0 hand axe.
* * * LOW HITPOINT WARNING * * *
Terence zaps a wand.
The puff of flame hits you.
You die...

..# #.####.####...#
..###.# ##......#.#
..##..###..######.#
...........# #.#
.#..######.#... #.#
....... ..#...##.#
...##### ...$..#..#
...# ##.#...#<##
.#.# ##.#...#@.#
##.# ...#...#..# .
.# ##.#.#...#@.# ..
#<.# #......#
...................#
....h#h###.##.....##
##.. .. #...##.# ...
... ...#. ... ##
.... #..... ...


You could see Terence.

Vanquished Creatures
  An orc priest (D:3)
  2 adders (D:2)
  A dart slug (D:1)
  4 orcs
  2 bats
  An endoplasm (D:2)
  A giant cockroach (D:1)
  4 goblins (D:2)
  2 hobgoblins
  2 jackals (D:2)
  A quokka (D:2)
  5 ball pythons
  2 frilled lizards (D:2)
  A kobold (D:2)
  3 rats
32 creatures vanquished.

Notes
Turn   | Place    | Note
-------+----------+-------------------------------------------
     0 | D:1      | Smaepdii the Gargoyle Earth Elementalist began the quest
                  | for the Orb.
     0 | D:1      | Reached XP level 1. HP: 10/10 MP: 3/3
   424 | D:1      | Reached skill level 4 in Earth Magic
   468 | D:1      | Reached XP level 2. HP: 15/15 MP: 1/5
  1074 | D:2      | Reached skill level 1 in Conjurations
  1092 | D:2      | Reached XP level 3. HP: 14/19 MP: 0/6
  1154 | D:2      | Learned a level 2 spell: Passwall
  1156 | D:2      | Learned a level 1 spell: Shock
  1189 | D:2      | Noticed Sigmund
  1843 | D:2      | Found Fyddyngo's Armour Shoppe.
  1932 | D:2      | Found a faded altar of an unknown god.
  1934 | D:2      | Noticed a shining eye
  1934 | D:2      | Noticed a great orb of eyes
  1940 | D:2      | Noticed an eye of devastation
  2343 | D:2      | Noticed a floating eye
  2383 | D:3      | Noticed Terence
  2636 | D:3      | Noticed Ijyb
  2638 | D:3      | Reached skill level 1 in Air Magic
  2993 | D:3      | Reached XP level 4. HP: 24/24 MP: 1/7
  3455 | D:3      | Killed from afar by Terence

Illustrated notes

Levels and vault maps discovered:
D:1:      dpeg_arrival_arbitrary_c, layout_basic
D:2:      layout_basic, serial_shops, nicolae_shop_waterfront,
          hellmonk_ecumenical_altar_watching_god, kennysheep_potato,
          uniq_sigmund
D:3:      layout_rooms, uniq_crazy_yiuf_cottage, uniq_natasha, uniq_ijyb,
          uniq_terence

Skill      XL: |  1  2  3 |
---------------+----------+-----
Earth Magic    | 4 |  4.7
Conjurations   | 1 2 |  2.7
Air Magic      | 1 |  1.2
Dodging        | |  1.5
Stealth        | |  2.1
Spellcasting   | |  2.0
Transmutations | |  0.7

Action                   |  1- 3 |  4- 6 || total
-------------------------+-------+-------++-------
Melee: Unarmed           |     1 |       ||     1
       Dagger            |    41 |    23 ||    64
 Cast: Sandblast         |    23 |     3 ||    26
       Shock             |    35 |     8 ||    43
       Passwall          |     5 |     1 ||     6
Armor: Robe              |    30 |     3 ||    33
       Skin              |     8 |    10 ||    18
Dodge: Dodged            |    49 |    11 ||    60

Table legend: (Time is in decaauts)
 A = Elapsed time spent in this place.
 B = Non-inter-level travel time spent in this place.
 C = Inter-level travel time spent in this place.
 D = Time resting spent in this place.
 E = Time spent auto-exploring this place.
 F = Levels seen in this place.
 G = Mean time per level.
                   A        B        C        D        E       F      G
               +--------+--------+--------+--------+--------+-----+--------+
         Total |   3459 |   3420 |     39 |   1592 |   1162 |   3 | 1153.0 |
       Dungeon |   3459 |   3420 |     39 |   1592 |   1162 |   3 | 1153.0 |
               +--------+--------+--------+--------+--------+-----+--------+

Top non-repeatable levels by time:
     D:2: 2323 daAuts
     D:1: 989 daAuts
     D:3: 145 daAuts
